cohdb
Replays
Latest Replays
All Replays
Popular Replays
Top Player Replays
Match Explorer
How It Works
Community
CoH3 Stats
Reddit
Sign in to upload your games and track your stats! →
Sign in with Steam
Match 42901387
Unlisted
Match 42901387
Overview
Messages
Build Orders
End
Kradschützen Motorcycle Team
Selects Armored Support Battlegroup
Panzerpioneer Squad
Panzergrenadier Squad
250 Light Carrier
Panzergrenadier Squad
Construct Light Support Kompanie
Fire Support Elements
Flakvierling Half-track
Assault Mechanized Group
2.5-tonne Medical Truck
Selects Superior Fire Drills
Panzerjäger Squad
2.5-tonne Medical Truck
Selects Salvage Kits
Vehicle Survival Package
Assault Mechanized Group
Selects Flammpanzer III Medium Tank
Flammpanzer III Medium Tank
Construct Panzerarmee Kommand
Armored Reserves
StuG Assault Group
Emergency Repair Kits
Walking Stuka Rocket Launcher
Rapid Advance
Selects Panzer Storm
Selects Stuka Anti-tank Loiter
Tungsten Core Ammunition
AI Takeover
Trion
AI-Crazy
0
0
Comments
sign in to comment!
No comments posted yet!